 Dungeon Crawl Stone Soup version 0.30.1-3-gfc49f6343a (webtiles) character file.

Game seed: 15840105292657905179

1323 Wiggles the Cleaver (level 8, -1/64 HPs)
             Began as a Minotaur Berserker on Aug 2, 2023.
             Was an Elder of Trog.
             Engulfed by a cloud of poison gas (3 damage)
             ... on level 5 of the Dungeon.
             The game lasted 00:07:20 (4142 turns).

Wiggles the Cleaver (Minotaur Berserker)            Turns: 4142, Time: 00:07:21

Health: -1/64      AC: 16    Str: 25    XL:     8   Next: 33%
Magic:  7/7        EV:  7    Int:  4    God:    Trog [****..]
Gold:   273        SH:  0    Dex:  9    Spells: 7/7 levels left

rFire   . . .        B - +3 battleaxe (freeze)
rCold   . . .        (shield currently unavailable)
rNeg    . . .        A - +0 plate armour
rPois   .            (helmet restricted)
rElec   .            s - +0 cloak {rCorr}
rCorr   +            (no gloves)
SInv    .            (no boots)
Will    +....        (no amulet) Stlth
                     m - +4 ring of protection
HPRegen 0.30/turn    E - ring of willpower
MPRegen 0.10/turn

%: no passive effects
@: lethally poisoned (-1 -> -67)
A: horns 2, retaliatory headbutt
a: Renounce Religion, Berserk, Trog's Hand, Brothers in Arms


You were on level 5 of the Dungeon.
You worshipped Trog.
Trog was greatly pleased with you.
You visited 1 branch of the dungeon, and saw 5 of its levels.

You collected 273 gold pieces.

Inventory:

Hand Weapons
 B - a +3 battleaxe of freezing (weapon)
Missiles
 g - 3 throwing nets (quivered)
Armour
 s - a +0 cloak of preservation (worn)
 A - a +0 plate armour (worn)
Jewellery
 m - a +4 ring of protection (left hand)
 t - an amulet of magic regeneration
 E - a ring of willpower (right hand)
Wands
 o - a wand of light (18)
 r - a wand of flame (25)
Scrolls
 c - 2 scrolls of teleportation {unknown}
 d - 3 scrolls of fear {unknown}
 e - 2 scrolls of poison {unknown}
 f - a scroll of enchant armour {unknown}
 q - 2 scrolls of noise {unknown}
 w - a scroll of vulnerability {unknown}
 x - 2 scrolls of identify {unknown}
 y - a scroll of magic mapping {unknown}
 z - a scroll of fog {unknown}
 C - a scroll of brand weapon {unknown}
 D - a scroll of blinking {unknown}
Potions
 a - 2 potions of resistance
 b - 2 potions of flight {unknown}
 i - a potion of heal wounds {unknown}
 j - a potion of ambrosia {unknown}
 k - 3 potions of brilliance {unknown}
 l - a potion of lignification {unknown}
 n - 2 potions of might {unknown}
 p - 2 potions of haste {unknown}
 u - 3 potions of attraction {unknown}
 v - 2 potions of mutation {unknown}
 F - a potion of cancellation {unknown}


   Skills:
 - Level 3.6 Fighting
 + Level 12.3 Axes
 - Level 2.4 Armour
 - Level 2.1 Dodging
 + Level 1.3 Stealth
 + Level 1.1 Shields


You had 7 spell levels left.
You didn't know any spells.
Your spell library was empty.

Dungeon Overview and Level Annotations

Branches:
Dungeon (5/15)             Temple (0/1) D:5

Altars:
Vehumet
Wu Jian

Annotations:
D:5 1 transporter


Innate Abilities, Weirdness & Mutations

You have a pair of horns on your head.
You reflexively headbutt those who attack you in melee.


Message History

The gnoll sergeant zombie hits you but does no damage.
You feel better.
You are engulfed in poison gas.
You are poisoned.
You feel very sick.
The gnoll sergeant zombie hits you with a +0 trident of venom.
You are more poisoned.
The orc warrior zombie hits you with a +1 war axe of venom!
You feel better.
You are engulfed in poison gas.
You are poisoned.
You feel very sick.
The gnoll sergeant zombie hits you from afar with a +2 spear of venom!
You are lethally poisoned!
The gnoll sergeant zombie hits you but does no damage.
You are more poisoned.
You feel better.
You are engulfed in poison gas.
You are poisoned.
You feel very sick.
The orc warrior zombie hits you but does no damage.
You are more poisoned.
The gnoll sergeant zombie hits you but does no damage.
You are lethally poisoned!
The gnoll sergeant zombie hits you but does no damage.
You are more poisoned.
You hit the gnoll sergeant zombie but do no damage.
The gnoll sergeant zombie is severely damaged.
You closely miss the orc warrior zombie.
You are engulfed in poison gas.
You are more poisoned.
* * * LOW HITPOINT WARNING * * *
You feel extremely sick.
The orc warrior zombie barely misses you.
You furiously retaliate!
You headbutt the orc warrior zombie!
The gnoll sergeant zombie hits you from afar with a +2 spear of venom.
* * * LOW HITPOINT WARNING * * *
You are more poisoned.
The gnoll sergeant zombie hits you with a +0 trident of venom.
* * * LOW HITPOINT WARNING * * *
You barely miss the gnoll sergeant zombie.
Your headbutt misses the gnoll sergeant zombie.
The gnoll sergeant zombie is severely damaged.
You barely miss the orc warrior zombie.
You are engulfed in poison gas.
You are more poisoned.
You die...

#..## ##.............###.
##..## #...........)..##..
##..## #...............#.#
###.###
#######.>...........#.#
##..###☼°.☼○########.........
##...#°☼.○°#°☼○°○.#.......##
##.##°○°○○#☼°°...#......###
##..#!$.☼Z○.#.#°☼#......#
#..©#©!.☼Z@...©°°#©.....#
#...#$$.○○○.#.#°☼#...#.##
##### #.###○°○°Z#○○°...#..#..#
....###.###☼○.○○#°°☼°○.####..#
###...#.#.#°°○.○######## #.##
###...#.#######..# ##.#
##..#..........# #..#
#.#...........# #.##
#.#...........# #.#


You could see 2 gnoll sergeant zombies and an orc warrior zombie.

Vanquished Creatures
  Grinder (D:3)
  A water moccasin (D:4)
  An ogre (D:5)
  A phantom (D:4)
  4 wights (D:5)
  A hound (D:5)
  Crazy Yiuf (D:2)
  A jelly (D:5)
  2 orc priests
  3 iguanas (D:5)
  2 scorpion zombies (D:4)
  Natasha (thrice) (D:2)
  3 orc wizards (D:3)
  Terence (D:2)
  Robin (D:2)
  3 gnolls (D:2)
  4 adders
  3 adder zombies (D:4)
  2 dart slugs
  4 worms
  13 orcs
  4 bats
  5 endoplasms
  2 giant cockroaches
  9 goblins
  11 hobgoblins
  3 jackals (D:2)
  5 kobolds
  8 quokkas
  2 ball pythons
  4 frilled lizards
  A quokka zombie (D:4)
  8 rats
117 creatures vanquished.

Notes
Turn   | Place    | Note
-------+----------+-------------------------------------------
     0 | D:1      | Wiggles the Minotaur Berserker began the quest for the Orb.
     0 | D:1      | Reached XP level 1. HP: 19/19 MP: 0/0
   104 | D:1      | Reached skill level 4 in Axes
   144 | D:1      | Reached XP level 2. HP: 25/25 MP: 1/1
   346 | D:1      | Reached skill level 5 in Axes
   446 | D:1      | Found a faded altar of an unknown god.
   604 | D:2      | Found a radiant altar of Vehumet.
   674 | D:2      | Noticed Natasha
   674 | D:2      | Noticed Robin
   676 | D:2      | Reached XP level 3. HP: 28/31 MP: 2/2
   679 | D:2      | Reached ** piety under Trog
   690 | D:2      | Killed Natasha
   693 | D:2      | Reached XP level 4. HP: 26/39 MP: 3/3
   695 | D:2      | Reached skill level 6 in Axes
   698 | D:2      | Killed Robin
   938 | D:2      | Noticed Natasha
   948 | D:2      | Killed Natasha
  1014 | D:2      | Noticed Natasha
  1022 | D:2      | Killed Natasha
  1023 | D:2      | Reached skill level 7 in Axes
  1023 | D:2      | Reached XP level 5. HP: 34/45 MP: 4/4
  1455 | D:2      | Noticed Terence
  1460 | D:2      | Killed Terence
  1677 | D:2      | Found a runed translucent door.
  1678 | D:2      | Noticed Crazy Yiuf
  1684 | D:2      | Killed Crazy Yiuf
  1750 | D:3      | Reached skill level 8 in Axes
  1750 | D:3      | Reached XP level 6. HP: 51/51 MP: 5/5
  1775 | D:3      | Identified the +6 flail of Ozu Vull {freeze, Fragile rC++
                  | Dex+6}
  1815 | D:3      | Identified the +1 ring mail "Jeunuac" {Int+2}
  1828 | D:3      | Reached *** piety under Trog
  1909 | D:3      | Noticed Grinder
  1915 | D:3      | Paralysed by Grinder for 2 turns
  1921 | D:3      | Killed Grinder
  1922 | D:3      | Reached skill level 9 in Axes
  1922 | D:3      | Reached skill level 1 in Stealth
  1922 | D:3      | Reached XP level 7. HP: 57/57 MP: 6/6
  2157 | D:3      | Found an ornate altar of the Wu Jian Council.
  2413 | D:4      | Reached skill level 10 in Axes
  2984 | D:5      | Entered Level 5 of the Dungeon
  2994 | D:5      | Reached **** piety under Trog
  2995 | D:5      | Reached skill level 11 in Axes
  3003 | D:5      | Reached XP level 8. HP: 32/64 MP: 7/7
  3191 | D:5      | Found a transporter.
  3435 | D:5      | Reached skill level 1 in Shields
  3493 | D:5      | Reached skill level 12 in Axes
  3746 | D:5      | Found a transporter.
  3790 | D:5      | Found a staircase to the Ecumenical Temple.
  4141 | D:5      | HP: 2/64 [gnoll sergeant zombie/+0 trident of venom (3)]
  4142 | D:5      | Engulfed by a cloud of poison gas

Illustrated notes

Levels and vault maps discovered:
D:1:      heliophobic_arrival_battle_scene, layout_rooms,
          shapermc_ecumenical_altar_notcrosses, serial_glass, glass_columns_b,
          glass_columns_c, kennysheep_doodads, st_stairs_14
D:2:      layout_basic, basic_altar, serial_bayou_lagoon_b,
          uniq_crazy_yiuf_cottage, uniq_natasha, uniq_robin, uniq_terence
D:3:      layout_rooms, nzn_wu_jian_contemplation, uniq_grinder
D:4:      minmay_evil_eye, layout_rooms, serial_undead, serial_undead_b,
          serial_undead_c, serial_undead_d, serial_undead_d
D:5:      gammafunk_cloud_chamber, layout_cave_pods, temple_doors_e

Skill      XL: |  1  2  3  4  5  6  7  8 |
---------------+-------------------------+-----
Axes           | 4 5 7 8 9 11 12 | 12.3
Stealth        | 1 |  1.3
Shields        | 1 |  1.1
Fighting       | |  3.6
Armour         | |  2.4
Dodging        | |  2.1

Action                     |  1- 3 |  4- 6 |  7- 9 || total
---------------------------+-------+-------+-------++-------
  Melee: Hand axe          |    50 |    81 |   111 ||   242
         Headbutt          |     4 |     6 |    21 ||    31
         Punch             |       |     1 |       ||     1
         Battleaxe         |       |       |    25 ||    25
 Invoke: Berserk           |       |     1 |     1 ||     2
    Use: Potion            |       |       |     3 ||     3
 Armour: Animal skin       |     7 |       |       ||     7
         Chain mail        |    13 |    47 |     5 ||    65
         Plate armour      |       |       |    83 ||    83
  Dodge: Dodged            |    29 |    37 |    33 ||    99
  Block: Buckler           |       |       |    11 ||    11
